 Dungeon Crawl Stone Soup version 0.13.1-27-ga479965 (webtiles) character file.

1079 Dalarin the Sneak (level 7, -1/32 HPs)
             Began as a Spriggan Enchanter on Jan 26, 2014.
             Was a Follower of Ashenzari.
             Slain by an ice beast (6 damage)
             ... on Level 7 of the Dungeon.
             The game lasted 01:14:40 (6249 turns).

Dalarin the Sneak (Spriggan Enchanter)              Turns: 6249, Time: 01:14:41

HP  -1/32        AC  4     Str  6      XL: 7   Next: 70%
MP  17/21        EV 21     Int 16      God: Ashenzari [*.....]
Gold 222         SH  0     Dex 17      Spells:  4 memorised,  4 levels left

Res.Fire  : . . .   See Invis. : +   h - +4,+2 dagger (freeze) (curse)
Res.Cold  : . . .   Warding    : .   b - +1 robe
Life Prot.: . . .   Conserve   : .   (shield restricted)
Res.Poison: .       Res.Corr.  : .   (helmet restricted)
Res.Elec. : .       Clarity    : .   p - +0 orc cloak
Sust.Abil.: . .     Spirit.Shd : .   (gloves unavailable)
Res.Mut.  : .       Stasis     : .   (boots unavailable)
Res.Rott. : .       Flight     : .   (no amulet)
Saprovore : . . .                    (no ring)
                                     (no ring)

@: very quick, somewhat resistant to hostile enchantments, quite stealthy
A: unfitting armour, see invisible, herbivore 3, speed 3, slow metabolism 2
a: Renounce Religion


You were on level 7 of the Dungeon.
You worshipped Ashenzari.
Ashenzari was aware of your devotion.
You were hungry.

You visited 2 branches of the dungeon, and saw 8 of its levels.

You collected 202 gold pieces.

Inventory:

Hand weapons
 a - a +1,+1 dagger {=f}
 h - a cursed +4,+2 dagger of freezing (weapon)
 m - a -1,+2 orcish dagger of holy wrath
 n - a +0,+0 dagger
Missiles
 d - 90 darts (quivered)
Armour
 b - a +1 robe (worn)
 p - a +0 orcish cloak (worn)
Comestibles
 g - 6 bread rations
Scrolls
 j - a scroll of remove curse
 k - a scroll of curse weapon
 l - 2 scrolls of enchant weapon I
 s - a scroll of curse jewellery
 t - a scroll of amnesia
 v - a scroll of enchant weapon II
Potions
 e - a potion of porridge
 f - 2 potions of curing
 i - a potion of might
 o - 2 potions of restore abilities
 q - 3 potions of speed
 r - 2 potions of flight
 u - a potion of brilliance {unknown}
Books
 c - a book of Maledictions

   Spells                             Type                      Level
   *Corona                            Hexes                        1
   Sure Blade                         Hexes/Charms                 2
   *Ensorcelled Hibernation           Hexes/Ice                    2
   *Confuse                           Hexes                        3
   *Enslavement                       Hexes                        4
   Invisibility                       Hexes                        6


   Skills:
 + Level 4.0 Short Blades
 + Level 3.8 Throwing
 + Level 5.6 Dodging
 + Level 6.0 Stealth
 + Level 4.4 Spellcasting
 + Level 5.8 Hexes


You had 4 spell levels left.
You knew the following spells:

 Your Spells              Type           Power        Failure   Level  Hunger
a - Corona                Hex            ###....      1%          1    None
b - Ensorcelled Hibernat  Hex/Ice        ##....       10%         2    ##.....
c - Confuse               Hex            ###.....     6%          3    ###....
d - Enslavement           Hex            ###.....     17%         4    ####...


Dungeon Overview and Level Annotations

Branches:
Dungeon (7/27)             Temple (1/1) D:4
    Orc: D:6-11

Altars:
Ashenzari
Elyvilon
Fedhas
Nemelex Xobeh
Sif Muna
Trog
Xom
Lugonu

Annotations:
D:3 exclusion: oklob plant
D:4 Sigmund
D:5 Eustachio, Menkaure
D:7 Dowan


Innate Abilities, Weirdness & Mutations

You are tiny and cannot use many weapons and most armour.
You have supernaturally acute eyesight.
You are a herbivore.
You cover ground extremely quickly.
You need consume almost no food.


Message History

You kill Duvessa!
You hear a distant wail of despair.
Your Short Blades skill increases to level 4!
Your Stealth skill increases to level 6!
Dowan seems to find hidden reserves of power!
Press: ? - help, v - describe, . - travel, g - get item
Here: Dowan, wielding a runed elven dagger and wearing an elven robe (moving very quickly)
An uncursed elven short sword.
The floor, spattered with blood.
Dowan unwields an uncursed runed elven dagger.
Dowan drops an uncursed runed elven dagger.
Dowan picks up an uncursed elven short sword.
Dowan wields an uncursed elven short sword.
There is a stone staircase leading down here.
The ice beast hits you. The ice beast freezes you!
* * * LOW HITPOINT WARNING * * *
The ice beast hits you.
* * * LOW HITPOINT WARNING * * *
The ice beast freezes you!
You die...

#>##.#....#####.######.
#.##.#....# #.# #.
#.##.#.########.######. .
#(.......e.e........
###.#..o####.######.
#......# #.# #. #..>#####
#.######. #..I#.#.#
#.#.#.##. ##@..#.#
#.#.#.###. ....####..#.#
#.#.#.#.##.
...........#.#.#.#.#.#...
###o####.##.#.#.#e#.#.##.
# #.#.#.#.#e#.#.###.
#.o.##.##.#.#.#.#.#..#.
#eooo....#.#.#.#.#.#...
#...o##.##.#.#.#.#.#.##.
.... #.#.#.#.#.#.#.###.


You could see an ice beast.

Vanquished Creatures
  A black bear (D:7)
  2 ogres
  Duvessa (D:7)
  A water moccasin (D:7)
  A crimson imp (D:3)
  A quasit (D:5)
  A hound (D:4)
  2 big fish (D:3)
  A scorpion (D:4)
  4 worker ants (D:4)
  A crocodile zombie (D:7)
  5 adders
  A giant mite (D:4)
  2 worms
  An ufetubus (D:5)
  A giant gecko (D:1)
  9 orcs
  2 ball pythons
  A bat zombie (D:7)
  8 giant cockroaches
  4 goblins
  7 hobgoblins
  A quokka (D:4)
  6 bats
  5 giant newts
  A giant newt skeleton (D:4)
  14 jackals
  6 kobolds
  8 rats
  A plant (D:3)
99 creatures vanquished.

Vanquished Creatures (others)
  16 toadstools (D:3)
16 creatures vanquished.

Grand Total: 115 creatures vanquished

Notes
Turn   | Place    | Note
--------------------------------------------------------------
     0 | D:1      | Dalarin, the Spriggan Enchanter, began the quest for the Orb.
     0 | D:1      | Reached XP level 1. HP: 9/9 MP: 4/4
   371 | D:1      | Reached XP level 2. HP: 5/13 MP: 7/7
   856 | D:1      | Learned a level 2 spell: Ensorcelled Hibernation
  1023 | D:1      | Reached XP level 3. HP: 12/16 MP: 9/9
  1041 | D:1      | Reached skill level 4 in Hexes
  1261 | D:1      | Learned a level 3 spell: Confuse
  1806 | D:3      | Reached XP level 4. HP: 17/21 MP: 0/12
  2365 | D:3      | Noticed an ogre
  2506 | D:3      | Killed an ogre
  2506 | D:3      | Reached XP level 5. HP: 24/24 MP: 6/15
  2627 | D:3      | Found a blossoming altar of Fedhas.
  2676 | D:3      | Reached XP level 6. HP: 26/28 MP: 16/18
  2682 | D:3      | Noticed an oklob plant
  2846 | D:3      | Learned a level 4 spell: Enslavement
  3789 | D:4      | Reached skill level 5 in Hexes
  3931 | D:4      | Noticed Sigmund
  3967 | D:4      | Reached skill level 5 in Stealth
  3982 | D:4      | Found a staircase to the Ecumenical Temple.
  4006 | Temple   | Entered the Ecumenical Temple
  4020 | Temple   | Became a worshipper of Ashenzari the Shackled
  4328 | D:5      | Entered Level 5 of the Dungeon
  4358 | D:5      | Noticed Menkaure
  4757 | D:5      | Reached skill level 5 in Dodging
  4967 | D:5      | Reached XP level 7. HP: 30/32 MP: 10/20
  5120 | D:5      | Noticed Eustachio
  5865 | D:7      | Noticed Dowan
  6217 | D:7      | Noticed Duvessa
  6241 | D:7      | Killed Duvessa
  6241 | D:7      | Reached skill level 6 in Stealth
  6249 | D:7      | Slain by an ice beast

Action                   |  1- 3 |  4- 6 |  7- 9 || total
-------------------------+-------+-------+-------++-------
Melee: Dagger            |   118 |   318 |    39 ||   475
Throw: Dart              |    20 |    62 |    24 ||   106
 Cast: Corona            |    12 |    36 |    18 ||    66
       Ensorcelled Hiber |     8 |    17 |    17 ||    42
       Confuse           |       |     3 |     5 ||     8
       Enslavement       |       |     1 |       ||     1
  Use: Scroll            |     3 |    10 |     2 ||    15
       Potion            |     2 |     3 |     2 ||     7
 Stab: Sleeping          |     5 |    16 |     5 ||    26
